Map: Deathaura LE

Players

Finn

  • Race: Terran Terran
  • League: Silver
  • Spawn Location: 5:00

ImmortalBlad - Winner!

  • Race: Terran Terran
  • League: Gold
  • Spawn Location: 11:00

VOD

Have the link to the VOD?

Description

Time

  • Played on: July 6, 2020, 7:32 p.m.
  • Length: 7:34
Show
View Real Time Build Order
Export as new Build Order

Finn Terran 

Build Orders: 2 Factory, Mech 

Get SALT Encoding   

  12  0:00  SCV  
  13  0:13  Supply Depot  
  13  0:18  SCV  
  14  0:30  SCV  
  15  0:37  Barracks  
  15  0:42  Refinery  
  15  0:45  SCV  
  16  0:58  SCV  
  17  1:10  SCV  
  18  1:25  Orbital Command  
  18  1:26  Marine  
  19  1:54  Bunker  
  19  1:56  Marine  
  20  2:08  Factory  
  20  2:09  SCV  
  20  2:15  Refinery  
  22  2:21  SCV  
  23  2:32  Command Center  
  23  2:33  SCV  
  23  2:35  Barracks Tech Lab  
  23  2:46  SCV  
  23  2:57  Supply Depot  
  23  2:59  Factory  
  23  3:18  SCV, Siege Tank  
  27  3:25  Supply Depot  
  27  3:31  SCV  
  28  3:43  SCV  
  28  3:46  Orbital Command  
  29  3:55  SCV  
  32  3:58  Factory Reactor  
  30  4:04  Supply Depot  
  30  4:07  SCV  
  31  4:12  Siege Tank  
  34  4:19  SCV  
  34  4:21  SCV  
  36  4:30  Supply Depot  
  36  4:31  SCV  
  36  4:33  SCV  
  36  4:35  Hellion x2  
  42  4:44  Siege Tank  
  45  4:47  Armory  
  45  4:49  Engineering Bay  
  45  4:57  Hellion  
  47  5:00  Command Center  
  47  5:03  Supply Depot  
  44  5:21  Siege Tank  
  44  5:22  Hellion  
  44  5:23  Hellion  
  48  5:34  SCV x2  
  50  5:39  Refinery  
  50  5:44  Hellion  
  50  5:46  SCV x2  
  54  5:53  Siege Tank  
  57  6:07  Hellion x2  
  57  6:10  Barracks Tech Lab  
  61  6:15  Factory  
  61  6:16  SCV x2  
  66  6:27  Refinery  
  66  6:28  SCV x2, Hellion  
  66  6:30  Missile Turret x2  
  67  6:40  SCV  
  67  6:41  SCV  
  69  6:51  Hellbat x2  
  64  7:12  Hellbat  
  64  7:15  Supply Depot  
  54  7:18  Supply Depot  
Show
View Real Time Build Order
Export as new Build Order

ImmortalBlad Terran - Winner!

Build Orders: 1/1/1, Liberator Opening 

Get SALT Encoding   

  12  0:01  SCV  
  13  0:13  SCV  
  14  0:17  Supply Depot  
  14  0:27  Refinery  
  14  0:28  SCV  
  15  0:41  SCV  
  16  0:46  Barracks  
  16  0:54  SCV  
  17  1:06  SCV  
  17  1:08  Refinery  
  18  1:14  Supply Depot  
  18  1:18  SCV  
  19  1:31  SCV  
  20  1:34  Factory  
  20  1:41  Barracks Tech Lab  
  20  1:54  Orbital Command  
  20  2:00  Marauder  
  22  2:19  SCV  
  22  2:20  Starport  
  23  2:31  Siege Tank  
  23  2:32  SCV  
  23  2:34  Barracks Reactor  
  27  2:44  SCV  
  28  2:56  SCV  
  29  3:03  Supply Depot  
  29  3:10  Marine x2  
  31  3:24  Liberator  
  31  3:25  Command Center  
  31  3:26  Supply Depot  
  34  3:29  SCV  
  35  3:34  Marine  
  36  3:41  SCV  
  37  3:48  Supply Depot  
  37  3:53  SCV, Siege Tank  
  41  4:12  Supply Depot  
  41  4:14  Starport Reactor  
  41  4:15  Marine x2  
  43  4:23  SCV  
  44  4:25  Siege Tank  
  47  4:35  SCV  
  47  4:36  Supply Depot  
  48  4:39  Orbital Command  
  48  4:40  Marine x2  
  47  5:13  Marine x2  
  41  5:14  Siege Tank  
  41  5:15  Liberator  
  41  5:16  Liberator  
  45  5:29  SCV  
  45  5:31  Marine  
  45  5:32  SCV  
  45  5:34  Refinery, Marine  
  49  5:41  SCV  
  50  5:44  SCV  
  51  5:53  SCV  
  51  5:56  SCV  
  52  6:06  SCV  
  52  6:08  SCV  
  52  6:10  Liberator x2  
  58  6:12  Marine x2  
  58  6:18  SCV  
  61  6:44  SCV x2  
  61  6:45  Marine x2  
  61  6:46  Siege Tank  
  68  6:53  Viking  
  70  6:56  SCV x2  
  72  7:03  Marine  
  72  7:07  Marine  
  74  7:08  SCV x2  
Tags
 
Add a new tag
Caveats
  • Supply blocks, unpowered buildings, or Contaminate may cause inaccurate times.
  • Supply counts are checked every 10 seconds.